General information
- name: BNet
- type: Ladder team game (AT/RT)
- host: Battle.net
- saver: JONNY-FAKE-LOVE
map: GnollWood
- players: 4
- length: 14:55
- speed: Fast
- version: 1.24 W3XP
- replay type: Public
» download(84 KB)
Players
team 1 (loser)
4Honor (
blue | 90 APM | 1341 actions | 14:53)
3 Shadow Hunter
2 Hex
1 Serpent Ward
» actions
| Assign group hotkey | 336 | |
| Basic commands | 66 | |
| Build / train | 44 | |
| Enter build submenu | 15 | |
| Enter hero's abilities submenu | 3 | |
| Right click | 379 | |
| Select / deselect | 170 | |
| Select group hotkey | 258 | |
| Use ability | 70 | |
1341 total
» units
| Peon | 7 | |
| Grunt | 6 | |
| Spirit Walker | 2 | |
| Raider | 3 | |
| Troll Batrider | 9 | |
27 total
» upgrades
| Berserker Strength | 1 | |
| Spirit Walker Training | 2 | |
| Ensnare | 1 | |
4 total
» buildings
| Altar of Storms | 1 | |
| Orc Burrow | 5 | |
| Barracks | 1 | |
| Stronghold | 1 | |
| Voodoo Lounge | 1 | |
| Spirit Lodge | 1 | |
| Beastiary | 2 | |
| Great Hall | 3 | |
15 total
» build order
00:12 Altar of Storms
00:21 Orc Burrow
00:37 Barracks
01:33 Orc Burrow
02:40 Stronghold
02:59 Voodoo Lounge
03:28 Orc Burrow
05:22 Spirit Lodge
05:26 Beastiary
07:05 Orc Burrow
08:47 Beastiary
10:41 Orc Burrow
10:46 Great Hall
10:49 Great Hall
13:48 Great Hall
» items
| Lesser Clarity Potion | 2 | |
| Healing Salve | 3 | |
| Scroll of Town Portal | 1 | |
| Scroll of Speed | 1 | |
| Potion of Lesser Invulnerability | 1 | |
8 total
LordUther77 (
orange | 148 APM | 2105 actions | 14:13)
3 Dreadlord
2 Sleep
1 Vampiric Aura
» actions
| Assign group hotkey | 419 | |
| Basic commands | 30 | |
| Build / train | 73 | |
| Enter build submenu | 15 | |
| Enter hero's abilities submenu | 3 | |
| Give item / drop item | 1 | |
| Right click | 641 | |
| Select / deselect | 320 | |
| Select group hotkey | 510 | |
| Use ability | 93 | |
2105 total
» units
| Acolyte | 6 | |
| Ghoul | 19 | |
| Necromancer | 6 | |
| Obsidian Statue | 2 | |
| Meatwagon | 2 | |
| Crypt Fiend | 2 | |
37 total
» upgrades
| Cannibalize | 1 | |
| Exhume Corpses | 1 | |
| Banshee Training | 1 | |
| Necromancer Training | 1 | |
| Skeletal Mastery | 1 | |
| Disease Cloud | 1 | |
| Web | 1 | |
| Ghoul Frenzy | 1 | |
8 total
» buildings
| Crypt | 1 | |
| Ziggurat | 5 | |
| Altar of Darkness | 1 | |
| Tomb of Relics | 1 | |
| Halls of the Dead | 2 | |
| Graveyard | 1 | |
| Sacrificial Pit | 1 | |
| Nerubian Tower | 1 | |
| Temple of the Damned | 1 | |
| Slaughterhouse | 1 | |
| Black Citadel | 1 | |
16 total
» build order
00:08 Crypt
00:11 Ziggurat
00:41 Altar of Darkness
01:22 Tomb of Relics
01:49 Ziggurat
03:09 Halls of the Dead
04:58 Graveyard
05:19 Ziggurat
05:36 Sacrificial Pit
06:16 Nerubian Tower
07:01 Temple of the Damned
07:02 Slaughterhouse
08:07 Black Citadel
08:25 Ziggurat
10:22 Ziggurat
» items
| Rod of Necromancy | 2 | |
| Dust of Appearance | 1 | |
3 total
team 2 (winner)
bodkinarrow (
green | 71 APM | 1055 actions | 14:54)
4 Blademaster
2 Wind Walk
2 Critical Strike
» actions
| Assign group hotkey | 47 | |
| Basic commands | 27 | |
| Build / train | 52 | |
| Enter build submenu | 24 | |
| Enter hero's abilities submenu | 4 | |
| Give item / drop item | 2 | |
| Right click | 489 | |
| Select / deselect | 96 | |
| Select group hotkey | 218 | |
| Use ability | 96 | |
1055 total
» units
| Peon | 12 | |
| Wind Rider | 2 | |
| Troll Batrider | 17 | |
31 total
» upgrades
| Ranged Weapons | 1 | |
| Armor | 1 | |
| Envenomed Spears | 1 | |
| Reinforced Defenses | 1 | |
4 total
» buildings
| Altar of Storms | 1 | |
| Orc Burrow | 4 | |
| War Mill | 1 | |
| Voodoo Lounge | 1 | |
| Watch Tower | 12 | |
| Stronghold | 1 | |
| Fortress | 1 | |
| Beastiary | 3 | |
24 total
» build order
00:08 Altar of Storms
00:15 Orc Burrow
00:43 War Mill
00:54 Voodoo Lounge
01:56 Watch Tower
03:25 Stronghold
03:45 Watch Tower
03:52 Watch Tower
04:59 Watch Tower
05:04 Orc Burrow
05:55 Fortress
06:08 Beastiary
07:06 Beastiary
07:08 Beastiary
08:27 Orc Burrow
09:13 Orc Burrow
14:09 Watch Tower
14:12 Watch Tower
14:18 Watch Tower
14:18 Watch Tower
14:19 Watch Tower
14:23 Watch Tower
14:24 Watch Tower
14:29 Watch Tower
» items
| Healing Salve | 1 | |
| Lesser Clarity Potion | 4 | |
| Circlet of Nobility | 1 | |
| Staff of Teleportation | 3 | |
| Boots of Speed | 1 | |
10 total
JONNY-FAKE-LOVE (
teal | 89 APM | 1326 actions | 14:55)
5 Mountain King
3 Storm Bolt
2 Bash
» actions
| Assign group hotkey | 92 | |
| Basic commands | 30 | |
| Build / train | 58 | |
| Enter build submenu | 27 | |
| Enter hero's abilities submenu | 5 | |
| Give item / drop item | 2 | |
| Right click | 679 | |
| Select / deselect | 118 | |
| Select group hotkey | 263 | |
| Use ability | 52 | |
1326 total
» units
» upgrades
| Swords | 3 | |
| Armor | 3 | |
| Masonry | 2 | |
| Storm Hammers | 1 | |
9 total
» buildings
| Altar of Kings | 1 | |
| Farm | 7 | |
| Scout Tower | 12 | |
| Lumber Mill | 1 | |
| Arcane Tower | 2 | |
| Guard Tower | 10 | |
| Keep | 2 | |
| Blacksmith | 1 | |
| Castle | 2 | |
| Gryphon Aviary | 3 | |
| Arcane Vault | 1 | |
42 total
» build order
00:18 Altar of Kings
00:22 Farm
01:02 Farm
01:19 Scout Tower
01:28 Lumber Mill
01:50 Arcane Tower
01:50 Arcane Tower
02:02 Scout Tower
02:49 Guard Tower
02:49 Guard Tower
02:51 Scout Tower
03:24 Guard Tower
03:24 Guard Tower
03:25 Guard Tower
03:26 Scout Tower
03:52 Scout Tower
03:53 Scout Tower
04:33 Keep
04:33 Keep
04:40 Guard Tower
04:40 Guard Tower
04:57 Guard Tower
04:58 Guard Tower
05:00 Blacksmith
05:07 Farm
06:59 Castle
06:59 Castle
07:12 Gryphon Aviary
07:12 Gryphon Aviary
07:14 Gryphon Aviary
07:50 Farm
07:51 Farm
07:51 Farm
07:51 Farm
11:33 Arcane Vault
13:44 Scout Tower
13:45 Scout Tower
13:47 Scout Tower
13:47 Scout Tower
13:50 Scout Tower
13:50 Scout Tower
» items
| Boots of Speed | 1 | |
| Staff of Teleportation | 1 | |
| Lesser Clarity Potion | 2 | |
| Healing Salve | 1 | |
5 total
Chat log
(00:11 / Allies) JONNY-FAKE-LOVE: should we play
(00:18 / Allies) bodkinarrow: ynot
(00:25 / Allies) bodkinarrow: up2u
(00:25 / Allies) JONNY-FAKE-LOVE: very crumbly brick
(00:27 / Allies) JONNY-FAKE-LOVE: lets play it
(00:29 / Allies) JONNY-FAKE-LOVE: look at their names
(00:31 / All) LordUther77: Dreadlords are incredibly powerful demons who wield the power of mental domination
(00:35 / All) JONNY-FAKE-LOVE: YEAH
(01:00 / Allies) bodkinarrow: is he erading the manual?
(01:03 / Allies) bodkinarrow: is that the manual?
(01:05 / All) LordUther77: Greeeetings - dreadlord
(01:10 / Allies) JONNY-FAKE-LOVE: we plaeyd them before
(01:12 / Allies) JONNY-FAKE-LOVE: and raped them
(01:20 / All) 4Honor: He's been reading too much twilight
(01:37 / All) LordUther77: You thought of that? - dreadlord
(01:43 / Allies) JONNY-FAKE-LOVE: sh first
(01:45 / Allies) JONNY-FAKE-LOVE: dreadlord first
(01:52 / Allies) JONNY-FAKE-LOVE: this aint no brick
(02:28 / All) JONNY-FAKE-LOVE: NIGGER
(02:36 / All) LordUther77: you fail to amuse me - pitlord
(02:45 / All) JONNY-FAKE-LOVE: NO ONE MAN SHOULD HAVE ALL THIS POWER
(03:22 / All) LordUther77: I must hunt soon
(03:34 / All) JONNY-FAKE-LOVE: in THIS WHITE MANS WORLD
(03:36 / All) JONNY-FAKE-LOVE: WE THE ONES CHOSEN
(03:44 / Allies) JONNY-FAKE-LOVE: staf me
(03:46 / Allies) JONNY-FAKE-LOVE: we got to stop this
(04:00 / All) JONNY-FAKE-LOVE: CAMON
(04:49 / Allies) JONNY-FAKE-LOVE: mid is health
(05:24 / Allies) JONNY-FAKE-LOVE: nvm creep that
(05:32 / Allies) JONNY-FAKE-LOVE: we do mid after
(06:05 / All) JONNY-FAKE-LOVE: MY DEATH FOR NEARCHUL
(06:17 / All) 4Honor: that's an interesting place for an mk
(06:24 / All) JONNY-FAKE-LOVE: SUCK MY PISS
(06:34 / All) 4Honor: hope you dont lose with mh that'd be sad
(06:37 / All) JONNY-FAKE-LOVE: RAPED
(06:44 / All) JONNY-FAKE-LOVE: IT WOULD BE SAD IF YOU WON WITH THOSE HEROS
(06:56 / Allies) JONNY-FAKE-LOVE: clik ash
(07:04 / Allies) JONNY-FAKE-LOVE: nvm
(07:07 / Allies) JONNY-FAKE-LOVE: dreadlrod near
(07:11 / Allies) bodkinarrow: bats or wyvs
(07:17 / Allies) JONNY-FAKE-LOVE: wyvs
(07:27 / Allies) JONNY-FAKE-LOVE: sh
(07:29 / Allies) JONNY-FAKE-LOVE: cancel his heal
(07:42 / Allies) JONNY-FAKE-LOVE: let him start
(07:43 / Allies) JONNY-FAKE-LOVE: creeping
(07:54 / Allies) JONNY-FAKE-LOVE: go
(08:35 / Allies) JONNY-FAKE-LOVE: almost 3
(09:05 / Allies) JONNY-FAKE-LOVE: orc making bats
(09:06 / Allies) JONNY-FAKE-LOVE: fyi
(09:08 / Allies) bodkinarrow: necros gools and bats
(09:09 / Allies) JONNY-FAKE-LOVE: u gotta bat trade him
(10:01 / Allies) JONNY-FAKE-LOVE: he has about 4 bats soon
(10:27 / Allies) JONNY-FAKE-LOVE: huge inc
(10:30 / Allies) JONNY-FAKE-LOVE: coem
(10:31 / Allies) JONNY-FAKE-LOVE: bring bats
(10:33 / Allies) JONNY-FAKE-LOVE: he bringing bats
(10:44 / Allies) JONNY-FAKE-LOVE: \BRING BM
(10:44 / Allies) JONNY-FAKE-LOVE: TOO
(13:20 / All) 4Honor: lol you find every bat ...
(13:59 / Allies) JONNY-FAKE-LOVE: burrowing the orc now
(14:13 / All) JONNY-FAKE-LOVE: RAPED
(14:17 / All) JONNY-FAKE-LOVE: LEARN TO PLAY
(14:17 / All) JONNY-FAKE-LOVE: tRASH
(14:19 / All) JONNY-FAKE-LOVE: ROLE PLAYER
(14:19 / All) JONNY-FAKE-LOVE: OWNED
(14:20 / All) JONNY-FAKE-LOVE: NOOB
(14:22 / All) JONNY-FAKE-LOVE: PERMANOOB
(14:22 / All) 4Honor: you obviously hack you stupid cunt
(14:26 / All) JONNY-FAKE-LOVE: 10000 GAMES AND CANT PLAY
(14:27 / All) JONNY-FAKE-LOVE: NOOB
(14:37 / All) 4Honor: very easy to win when you see the entire map and concoct my bats in random spots
(14:41 / All) JONNY-FAKE-LOVE: raped
(14:42 / All) JONNY-FAKE-LOVE: RAPED
(14:48 / All) 4Honor: yeah, gj hacker